 Seeded DCSS version 0.31-a0-180-g519b7de00c (webtiles) character file.

Game seed: 18167028583286614026 (custom seed)

16692 innerfire43 the Nimble (level 12, -6/91 HPs)
             Began as a Demonspawn Monk on June 19, 2023.
             Was the Champion of Cheibriados.
             Shot with an arrow by Nessos (19 damage)
             ... on level 12 of the Dungeon.
             The game lasted 00:21:00 (8867 turns).

innerfire43 the Nimble (Demonspawn Monk)            Turns: 8867, Time: 00:21:01

Health: -6/91      AC: 13    Str: 32    XL:     12   Next: 12%
Magic:  12/12      EV: 26    Int: 27    God:    Cheibriados [******]
Gold:   301        SH: 12    Dex: 36    Spells: 11/11 levels left

rFire   . . .        n - +5 hand axe (freeze)
rCold   . . .        A - +3 buckler
rNeg    . . .        o - +2 troll leather armour
rPois   .            (helmet restricted)
rElec   .            i - +2 cloak
rCorr   .            (no gloves)
SInv    .            (no boots)
Will    +....        f - amulet of regeneration
Stlth   +++          p - ring of willpower
HPRegen 1.95/turn    I - +6 ring of dexterity
MPRegen 0.13/turn

%: no passive effects
@: lethally poisoned (-6 -> -12), studying Shields, very slow
A: horns 1, thin metallic scales 2, icemail 1, condensation shield, demonic
magic 3
a: Renounce Religion, Bend Time, Temporal Distortion, Slouch, Step From Time


You were on level 12 of the Dungeon.
You worshipped Cheibriados.
Cheibriados was exalted by your worship.
You visited 1 branch of the dungeon, and saw 12 of its levels.
You also visited: Sewer.

You collected 641 gold pieces.
You spent 340 gold pieces at shops.

Inventory:

Hand Weapons
 a - a +0 hand axe
 c - a +1 vampiric hand axe
 n - a +5 hand axe of freezing (weapon)
 K - the +1 halberd "Niwaitru" {venom, rElec Str+2}
   (You found it on level 10 of the Dungeon)

   Str:       It affects your strength (+2).
   rElec:     It insulates you from electricity.
Missiles
 x - 2 throwing nets
Armour
 b - a +0 robe
 d - an orb of light
 i - a +2 cloak (worn)
 l - a +2 helmet
 o - a +2 troll leather armour (worn)
 A - a +3 buckler (worn)
 G - a +0 troll leather armour
 P - a +0 plate armour
Jewellery
 e - a ring of ice
 f - an amulet of regeneration (around neck)
 p - a ring of willpower (left hand)
 r - an amulet of the acrobat
 u - an amulet of guardian spirit
 w - a ring of wizardry
 I - a +6 ring of dexterity (right hand)
 J - an amulet of magic regeneration
 L - a ring of poison resistance
 N - a ring of flight
 O - a ring of protection from cold
Wands
 s - a wand of roots (9)
 y - a wand of polymorph (16)
 D - a wand of quicksilver (7)
 T - a wand of paralysis (2)
Scrolls
 g - 12 scrolls of identify (quivered)
 j - 2 scrolls of noise
 t - 3 scrolls of teleportation
 v - 2 scrolls of fog
 z - 3 scrolls of amnesia
 E - a scroll of revelation
 F - 2 scrolls of fear
Potions
 h - 2 potions of might
 k - 2 potions of enlightenment
 m - 2 potions of mutation
 q - 2 potions of attraction
 B - 5 potions of curing
 C - 3 potions of degeneration
 H - a potion of brilliance
 M - a potion of ambrosia
 Q - a potion of berserk rage {unknown}
 R - a potion of lignification {unknown}
 S - 2 potions of cancellation {unknown}


   Skills:
 + Level 7.5 Fighting
 + Level 10.7 Axes
 * Level 4.4 Armour
 * Level 10.7 Dodging
 - Level 0.2 Stealth
 * Level 9.1 Shields
 + Level 1.6 Unarmed Combat
 + Level 0.1 Evocations


You had 11 spell levels left.
You didn't know any spells.
Your spell library contained the following spells:

 Spells                   Type           Power      Damage    Failure   Level
 Freeze                   Ice            0%         1d3       14%         1
 Poisonous Vapours        Pois/Air       0%         N/A       22%         2
 Sublimation of Blood     Necr           0%         N/A       22%         2
 Wereblood                Tmut           0%         N/A       22%         2
 Frozen Ramparts          Ice            0%         1d1       41%         3
 Gell's Gravitas          Tloc           0%         N/A       41%         3
 Hailstorm                Conj/Ice       0%         3d3       41%         3
 Mephitic Cloud           Conj/Pois/Air  0%         N/A       41%         3
 Teleport Other           Tloc           0%         N/A       41%         3
 Animate Dead             Necr           0%         N/A       82%         4
 Ice Form                 Ice/Tmut       0%         N/A       82%         4
 Borgnjor's Vile Clutch   Necr/Erth      0%         N/A       99%         5
 Freezing Cloud           Conj/Ice/Air   0%         6-21      99%         5
 Death Channel            Necr           0%         N/A       100%        6
 Dispersal                Tloc           0%         N/A       100%        6
 Simulacrum               Ice/Necr       0%         N/A       100%        6
 Summon Hydra             Summ           0%         N/A       100%        7


Dungeon Overview and Level Annotations

Branches:
Dungeon (12/15)            Temple (0/1) D:7            Lair (0/5) D:10
    Orc (0/2) D:11          Sewer (visited)

Altars:
Cheibriados
Hepliaklqana
Makhleb
Okawaru
Qazlal
Ru
Vehumet
Xom
Yredelemnul

Shops:
D:9 !   D:10 [

Annotations:
D:12 Nessos


Innate Abilities, Weirdness & Mutations

You have a pair of small horns on your head.
You are mostly covered in thin metallic scales. (AC +3)
A meltable icy envelope protects you from harm. (AC +0)
A meltable shield of frost defends you. (SH +0)
Spells you cast and wands you use may paralyse nearby enemies.


Message History

Nessos shoots an arrow.
You block the arrow.
Nessos mumbles some strange words.
Nessos blinks!
Nessos shoots an arrow.
The arrow barely misses you.
Aiming: Fastroot
Press: ? - help, Shift-Dir - straight line, f/p - Nessos
Aim: Nessos, wielding a +1 longbow of flaming and wearing a +0 barding (severely wounded, fast)
The roots erupt in riotous growth!
Roots grab Nessos.
Malevolent energies surge around you.
Nessos suddenly stops moving!
The grasping roots constrict Nessos.
The grasping roots constrict Nessos!
You feel sick.
The roots release their grip on Nessos.
Nessos is no longer paralysed.
Nessos casts a spell.
Nessos blinks!
Nessos casts a spell.
Nessos blinks!
Nessos shoots an arrow.
The arrow hits you but does no damage.
Nessos shoots an arrow.
You block the arrow.
You feel sick.
You are no longer poisoned.
Nessos casts a spell.
Nessos blinks!
Nessos gestures wildly while chanting.
Nessos blinks!
Nessos casts a spell.
Nessos blinks!
Nessos shoots an arrow.
You block the arrow.
Nessos shoots an arrow.
The arrow hits you! The arrow burns you.
You are poisoned.
Nessos pounds the earth with their hooves.
Nessos shoots an arrow.
You block the arrow.
Nessos shoots an arrow.
The arrow hits you!
* * * LOW HITPOINT WARNING * * *
The arrow burns you.
You are more poisoned.
* * * LOW HITPOINT WARNING * * *
Nessos shoots an arrow.
You block the arrow.
There is a stone staircase leading up, spattered with blood here.
You feel very sick.
Nessos shoots an arrow.
You block the arrow.
Nessos shoots an arrow.
The arrow hits you!!
You die...

........†...........††...###
...............#.##..†.....#
...............##....#.......
......###..........#.##...###
.......###)......c##.# #..#
.......#.#.......###.## ....
..................##..###...#
.........###...........# ..##
.........####...@....#... ..
................#.#......
.................####....
###......#....... ....
#..###.##....... ... #...#
###....... .
###..#####.......
........#....... ..........#


You could see Nessos (fast).

Vanquished Creatures
  Erolcha (D:12)
  2 ogre magi (D:10)
  4 two-headed ogres
  A deep elf pyromancer (D:10)
  An ugly thing (D:11)
  4 manticores
  2 cyclopes
  A gargoyle (D:10)
  An unseen horror (D:11)
  A komodo dragon (shapeshifter) (D:10)
  Psyche (D:9)
  2 trolls
  A spriggan (shapeshifter) (D:10)
  2 wraiths
  5 yaks
  3 vampires
  A basilisk (D:10)
  Menkaure (D:6)
  4 vampire mosquitoes (D:12)
  3 steam dragons
  2 acid dragons (D:10)
  5 water moccasins
  6 orc warriors
  An ice beast (D:5)
  4 black bears
  2 sky beasts
  A centaur (D:10)
  A phantom (D:6)
  10 kobold brigands
  4 bullfrogs
  5 scorpions
  A gnoll sergeant (D:8)
  3 wights (D:10)
  12 killer bees
  5 howler monkeys
  2 jellies (D:6)
  10 orc priests
  2 hounds
  2 iguanas
  11 orc wizards
  Terence (D:3)
  7 gnolls
  13 adders
  2 river rats (Sewer)
  A shadow imp (D:8)
  2 ufetubi
  4 worms
  2 dart slugs (D:4)
  48 orcs
  13 endoplasms
  2 giant cockroaches (D:4)
  5 goblins
  6 hobgoblins
  11 jackals
  3 quokkas
  8 ball pythons
  A bat (D:3)
  A frilled lizard (D:1)
  24 kobolds
  10 rats
294 creatures vanquished.

Vanquished Creatures (others)
  An orc priest (D:6)
  An iguana (D:6)
  An orc (D:6)
3 creatures vanquished.

Grand Total: 297 creatures vanquished

Notes
Turn   | Place    | Note
-------+----------+-------------------------------------------
     0 | D:1      | innerfire43 the Demonspawn Monk began the quest for the
                  | Orb.
     0 | D:1      | Reached XP level 1. HP: 18/18 MP: 1/1
   293 | D:1      | Gained mutation: You are partially covered in thin metallic
                  | scales. (AC +2) [demonic ancestry]
   293 | D:1      | Reached XP level 2. HP: 24/24 MP: 2/2
  1300 | D:2      | Gained mutation: Spells you cast may paralyse adjacent
                  | enemies. [demonic ancestry]
  1300 | D:2      | Reached XP level 3. HP: 26/29 MP: 3/3
  1649 | D:3      | Found a glowing drain.
  1717 | Sewer    | Entered a sewer
  1746 | Sewer    | Reached XP level 4. HP: 35/35 MP: 4/4
  1764 | Sewer    | Noticed a kobold brigand
  1781 | Sewer    | Killed a kobold brigand
  1782 | Sewer    | Reached XP level 5. HP: 38/41 MP: 5/5
  2012 | Sewer    | Reached skill level 5 in Axes
  2012 | Sewer    | Gained mutation: Spells you cast may paralyse nearby
                  | enemies. [demonic ancestry]
  2012 | Sewer    | Reached XP level 6. HP: 32/48 MP: 6/6
  2295 | Sewer    | Reached XP level 7. HP: 45/54 MP: 7/7
  2423 | D:3      | Noticed Terence
  2433 | D:3      | Killed Terence
  3155 | D:4      | Reached skill level 5 in Dodging
  3540 | D:4      | Found a snail-covered altar of Cheibriados.
  3622 | D:4      | Became a worshipper of Cheibriados the Contemplative
  3622 | D:4      | Reached * piety under Cheibriados
  3622 | D:4      | Reached ** piety under Cheibriados
  3697 | D:5      | Entered Level 5 of the Dungeon
  3838 | D:5      | Gained mutation: Spells you cast and wands you use may
                  | paralyse nearby enemies. [demonic ancestry]
  3838 | D:5      | Reached XP level 8. HP: 60/61 MP: 8/8
  4133 | D:5      | Found a hazy altar of Hepliaklqana.
  4277 | D:5      | HP: 2/61 [scorpion (2)]
  4611 | D:6      | Found a shimmering altar of Xom.
  4622 | D:6      | Reached skill level 5 in Fighting
  4625 | D:6      | Reached skill level 1 in Shields
  4742 | D:6      | Reached *** piety under Cheibriados
  4842 | D:6      | Noticed Menkaure
  4852 | D:6      | HP: 1/62 [Menkaure/nerve-wracking pain (12)]
  4853 | D:6      | Killed Menkaure
  5368 | D:7      | Found a staircase to the Ecumenical Temple.
  5441 | D:7      | Gained mutation: You are mostly covered in thin metallic
                  | scales. (AC +3) [demonic ancestry]
  5441 | D:7      | Reached XP level 9. HP: 62/68 MP: 9/9
  6069 | D:8      | Reached **** piety under Cheibriados
  6109 | D:8      | You fall into a shaft and drop 1 floor!
  6113 | D:9      | Noticed a troll
  6122 | D:9      | Killed a troll
  6123 | D:9      | Noticed a troll
  6126 | D:9      | Noticed a two-headed ogre
  6153 | D:8      | Killed a troll
  6161 | D:8      | HP: 1/69 [orc warrior/+0 trident (9)]
  6694 | D:9      | Gained mutation: You have a pair of small horns on your
                  | head. [demonic ancestry]
  6694 | D:9      | Reached XP level 10. HP: 76/76 MP: 10/10
  6779 | D:9      | Found a stormy altar of Qazlal.
  6788 | D:9      | Reached ***** piety under Cheibriados
  6843 | D:9      | Found a burning altar of Makhleb.
  6925 | D:9      | Killed a two-headed ogre
  6926 | D:9      | Reached skill level 1 in Armour
  7040 | D:9      | Found Plog's Distillery.
  7040 | D:9      | Noticed Psyche
  7053 | D:9      | Killed Psyche
  7105 | D:9      | Bought a potion of heal wounds for 85 gold pieces
  7105 | D:9      | Bought a potion of curing for 51 gold pieces
  7105 | D:9      | Bought a potion of curing for 51 gold pieces
  7105 | D:9      | Bought 2 potions of curing for 102 gold pieces
  7105 | D:9      | Bought a potion of curing for 51 gold pieces
  7335 | D:10     | Entered Level 10 of the Dungeon
  7386 | D:10     | Reached skill level 1 in Unarmed Combat
  7387 | D:10     | Reached skill level 5 in Shields
  7409 | D:10     | Found a staircase to the Lair.
  7472 | D:10     | Noticed a gargoyle
  7474 | D:10     | Found Poschemopikh's Armour Shop.
  7494 | D:10     | Killed a gargoyle
  7652 | D:10     | HP: 1/77 [something (6)]
  7708 | D:10     | Noticed a two-headed ogre
  7719 | D:10     | Killed a two-headed ogre
  7720 | D:10     | Gained mutation: A meltable shield of frost defends you.
                  | (SH +0) [demonic ancestry]
  7720 | D:10     | Reached XP level 11. HP: 83/83 MP: 11/11
  7732 | D:10     | Found a sacrificial altar of Ru.
  7733 | D:10     | Found a radiant altar of Vehumet.
  7733 | D:10     | Found an iron altar of Okawaru.
  7734 | D:10     | Found a basalt altar of Yredelemnul.
  7844 | D:10     | Noticed an ogre mage
  7850 | D:10     | Killed an ogre mage
  7874 | D:10     | Identified the +1 halberd "Niwaitru" {venom, rElec Str+2}
  7889 | D:10     | Noticed an ogre mage
  7901 | D:10     | Killed an ogre mage
  7902 | D:10     | Reached skill level 10 in Dodging
  7906 | D:10     | Noticed a deep elf pyromancer
  7916 | D:10     | Killed a deep elf pyromancer
  7949 | D:10     | Reached skill level 10 in Axes
  8040 | D:11     | Noticed a two-headed ogre
  8048 | D:11     | Killed a two-headed ogre
  8094 | D:11     | Reached ****** piety under Cheibriados
  8205 | D:11     | Found a staircase to the Orcish Mines.
  8334 | D:11     | Noticed a cyan ugly thing
  8346 | D:11     | Killed a cyan ugly thing
  8406 | D:11     | Noticed a two-headed ogre
  8413 | D:11     | Killed a two-headed ogre
  8692 | D:12     | Noticed Erolcha
  8710 | D:12     | Killed Erolcha
  8711 | D:12     | Gained mutation: A meltable icy envelope protects you from
                  | harm. (AC +0) [demonic ancestry]
  8711 | D:12     | Reached XP level 12. HP: 76/91 MP: 12/12
  8791 | D:12     | Noticed Nessos
  8867 | D:12     | Shot with an arrow by Nessos

Illustrated notes

Levels and vault maps discovered:
D:1:      eino_arrival_water_cross, layout_loops_ring
D:2:      layout_loops_corners
D:3:      layout_loops_ring, cheibrodos_sewer_entry_bend, uniq_terence
D:4:      layout_rooms, marbit_many_paths
D:5:      layout_gridville, mainiacjoe_overflow_brackets, grunt_ministairs_14
D:6:      layout_rooms, xom_confusion_cloud, uniq_menkaure
D:7:      layout_gridville, minmay_temple_entry_offerings, grunt_decor_arrowhead
D:8:      layout_rooms, nicolae_ossuary_entry_false_entrances,
          nicolae_grassy_gnolls
D:9:      layout_roguey, mainiacjoe_overflow_catch_the_wave, serial_shops, shop,
          enter_bailey_8, serial_glass, glass_columns_b, glass_columns_c,
          glass_columns_b, glass_columns_a, glass_columns_b, glass_columns_a,
          st_stairs_10, kennysheep_generic_room_14, uniq_psyche
D:10:     layout_basic, chequers_temple_overflow_statue_of_worship,
          overflow_temple_1_default, due_lair_maze_entry_diamond, serial_shops,
          nicolae_shop_stone, minmay_evil_grid
D:11:     layout_roguey, david_orc_2
D:12:     layout_cave_pools, uniq_nessos, uniq_erolcha

Skill      XL: |  1  2  3  4  5  6  7  8  9 10 11 12 |
---------------+-------------------------------------+-----
Dodging        | 3 4 5 7 8 9 10 | 10.7
Axes           | 3 4 5 6 7 8 9 10 | 10.7
Fighting       | 4 5 6 7 |  7.5
Shields        | 1 4 5 8 9 |  9.1
Armour         | 2 4 |  4.4
Unarmed Combat | 1 |  1.6
Stealth        | |  0.2
Evocations     | |  0.1

Action                     |  1- 3 |  4- 6 |  7- 9 | 10-12 || total
---------------------------+-------+-------+-------+-------++-------
  Melee: Hand axe          |    88 |   128 |   387 |   378 ||   981
         Headbutt          |       |       |       |   104 ||   104
         Unarmed           |       |       |       |    26 ||    26
  Evoke: Wand              |       |       |       |     5 ||     5
    Use: Scroll            |       |       |    14 |     9 ||    23
         Potion            |       |       |     6 |     5 ||    11
   Stab: Sleeping          |       |       |     2 |     3 ||     5
 Armour: Robe              |    28 |    21 |    96 |       ||   145
         Troll leather arm |       |       |    19 |    43 ||    62
         Skin              |       |       |       |     9 ||     9
  Dodge: Dodged            |    55 |    55 |   377 |   415 ||   902
  Block: Buckler           |       |       |    99 |   277 ||   376

Table legend: (Time is in decaauts)
 A = Elapsed time spent in this place.
 B = Non-inter-level travel time spent in this place.
 C = Inter-level travel time spent in this place.
 D = Time resting spent in this place.
 E = Time spent auto-exploring this place.
 F = Levels seen in this place.
 G = Mean time per level.
                   A        B        C        D        E       F      G
               +--------+--------+--------+--------+--------+-----+--------+
         Total |  11905 |  11049 |    856 |      0 |   8426 |  13 |  915.8 |
       Dungeon |  11085 |  10229 |    856 |      0 |   7925 |  12 |  923.8 |
         Sewer |    820 |    820 |      0 |      0 |    501 |   1 |  820.0 |
               +--------+--------+--------+--------+--------+-----+--------+

Top non-repeatable levels by time:
     D:5: 1282 daAuts
     D:9: 1208 daAuts
     D:7: 1176 daAuts
    D:11: 1120 daAuts
    D:10: 1068 daAuts
     D:8: 957 daAuts
     D:6: 877 daAuts
     D:1: 851 daAuts
   Sewer: 820 daAuts
     D:2: 789 daAuts
     D:3: 751 daAuts
     D:4: 712 daAuts
    D:12: 290 daAuts
